Connexion

Admirals vs Sound Tigers

Created - 24 octobre 2023 at 10:31

Goals
1 2 3 T
Admirals 2 1 3 6
Sound Tigers 1 2 1 4
Shots
1 2 3 T
Admirals 14 7 14 35
Sound Tigers 13 10 10 33

GoalsPenalties
1st period
1. Admirals , CJ Suess 20 (Guillaume Brisebois 17, Cam Dineen 19) at 6:48
2. Admirals , Mike Reilly 4 (Kevin Stenlund 20, CJ Suess 15) at 7:57
3. Sound Tigers , Zac Leslie 3 (Martin Pospisil 10, Nikita Soshnikov 16) at 18:14
Joseph Cramarossa (MIL) for Hooking (Minor) at 8:16
Joel Armia (BRP) for Holding (Minor) at 14:56
2nd period
4. Sound Tigers , Joel Armia 19 (Eric Staal 17, Jesper Fasth 17) at 2:04
5. Sound Tigers , Trevor Van Riemsdyk 5 (Markus Phillips 10, Martin Pospisil 11) at 5:19
6. Admirals , David Kampf 8 (Oskar Steen 5, Niko Mikkola 19) at 6:50
Guillaume Brisebois (MIL) for Slashing (Minor) at 10:58
3rd period
7. Admirals , John Quenneville 4 (Mitchell Moroz 1, Mike Reilly 14) at 7:39
8. Admirals , Paul Thompson 3 (Niko Mikkola 20, CJ Suess 16) at 9:32
9. Admirals , Mike Reilly 5 (CJ Suess 17, Paul Thompson 15) at 10:08 (PP)
10. Sound Tigers , Zac Leslie 4 (Martin Pospisil 12, Tyler Pitlick 8) at 18:22
Tyler Pitlick (BRP) for Holding (Minor) at 1:04
Oskar Steen (MIL) for Elbowing (Minor) at 4:26
Alexander Khokhlachev (BRP) for Interference (Minor) at 9:53
Goalie Stats
Michael Houser (MIL), 29 saves from 33 shots - (0,879), W, 6-10-0, 60:00 minutes
Alex Lyon (BRP), 15 saves from 19 shots - (0,789), L, 7-7-0, 35:52 minutes
Brandon Bussi (BRP), 14 saves from 16 shots - (0,875), 24:08 minutes
3 StarsOfficial
1 - CJ Suess (MIL)
2 - Mike Reilly (MIL)
3 - Niko Mikkola (MIL)
Referees : Dan O'Rourke and Chris Rooney
Linesman : Brian Mach and Jean Morin
Game Note
Brandon Bussi is injured at 4:08 of 2nd period (Left Foot)
Alex Lyon enters game at 4:08 of 2nd period
Finance
Level 1 -- Attendance: 966 (48,30%) -- Ticket Income 62 790 $
Level 2 -- Attendance: 323 (32,30%) -- Ticket Income 16 150 $
Total Attendance: 1289 (42,97%)
Total Ticket Income: 78 940 $
Other Income: 15 788 $
Total Income: 94 728 $



Team Name Goals Shots Shots Attemp Shots Blocked PIM HIT PP PK FO%
Admirals 63565136281 / 3 (33%)049%
Sound Tigers 4336186200 / 3 (0%)151%

Admirals
Player Name POS G A P +/- PIM HIT SHT SB MP PP MP PP SHT PK MP PK SHT FO% FOT
Cam DineenD0111002120:182:1523:0300% 0
CJ SuessLW1343004118:002:2521:11033% 3
David KampfC/RW101-1013019:491:4801:12050% 2
Garrett PilonC000-1002012:100:0000:00065% 17
Garrett WilsonLW000-1023122:021:4813:2500% 1
Guillaume BriseboisD0111220319:572:1501:4900% 0
John QuennevilleC101000308:040:0001:37036% 11
Joseph CramarossaC/LW000-1283012:090:0000:0000% 0
Kevin StenlundC0113023018:552:2502:06065% 17
Kristians RubinsD000-2040115:450:0000:0700% 0
Mike ReillyD2132012223:571:5812:4700% 0
Mitchell MorozLW011000106:270:0000:0000% 1
Nick EbertD000-2001015:580:0001:1400% 0
Niko MikkolaD0222060323:571:5802:4700% 0
Oskar SteenC011-1204020:591:4812:23044% 32
Paul ThompsonRW1123012016:492:2500:0000% 1
Vincent PraplanC/RW000001106:270:0000:0000% 0
William BittenRW000-1001112:170:0000:0700% 0
Sound Tigers
Player Name POS G A P +/- PIM HIT SHT SB MP PP MP PP SHT PK MP PK SHT FO% FOT
Alexander KhokhlachevC/LW/RW0000210011:160:0000:0000% 0
Ashton SautnerD000-2001324:262:4801:5300% 0
Christian WolaninD000-2010424:262:4801:5300% 0
Eric StaalC/LW011-3000022:472:4301:45063% 30
Jack KopackaLW000003005:400:0000:0000% 0
Jesper FasthLW/RW011-3011023:102:4302:0800% 0
Jimmy SchuldtD0002011015:110:0000:0000% 0
Jimmy VeseyLW/RW000000105:400:0000:0000% 1
Joel ArmiaRW101-3215022:192:4311:18050% 4
Markus PhillipsD011-1051120:233:0902:2000% 0
Martin PospisilC0332024014:340:0000:00046% 13
Nikita SoshnikovLW/RW0112001018:293:1400:41050% 2
Rourke ChartierC000000109:222:3911:03043% 14
Ryan MacInnisC0000016011:520:3500:00044% 16
Trevor Van RiemsdykD101-1013020:233:0922:2000% 0
Tyler PitlickC/RW0112234018:583:1411:11040% 5
Valentin ZykovLW/RW0000001011:370:0000:2000% 0
Zac LeslieD2022003015:110:0000:0000% 0



Play-by-Play

1st period


0:01 of 1st period - Oskar Steen wins face-off versus Eric Staal in neutral zone.
0:19 of 1st period - Icing by Niko Mikkola.
0:20 of 1st period - Oskar Steen wins face-off versus Martin Pospisil in Admirals zone.
0:20 of 1st period - Mike Reilly is hit by Martin Pospisil and loses puck.
0:30 of 1st period - Nikita Soshnikov is hit by Mike Reilly.
0:34 of 1st period - Shot by Martin Pospisil.
0:34 of 1st period - Stopped by Michael Houser with a rebound.
0:42 of 1st period - Shot by Markus Phillips.
0:42 of 1st period - Stopped by Michael Houser without a rebound.
0:43 of 1st period - Kevin Stenlund wins face-off versus Ryan MacInnis in Admirals zone.
0:56 of 1st period - Shot by Kevin Stenlund.
0:56 of 1st period - Stopped by Brandon Bussi without a rebound.
0:57 of 1st period - Rourke Chartier wins face-off versus Garrett Pilon in Sound Tigers zone.
0:57 of 1st period - Rourke Chartier is hit by Joseph Cramarossa.
1:00 of 1st period - Icing by Jimmy Vesey.
1:01 of 1st period - Garrett Pilon wins face-off versus Rourke Chartier in Sound Tigers zone.
1:04 of 1st period - Shot by Joseph Cramarossa.
1:04 of 1st period - Stopped by Brandon Bussi with a rebound.
1:06 of 1st period - Shot by William Bitten.
1:06 of 1st period - Stopped by Brandon Bussi with a rebound.
1:14 of 1st period - Shot by Garrett Pilon.
1:14 of 1st period - Stopped by Brandon Bussi without a rebound.
1:15 of 1st period - Eric Staal wins face-off versus Kevin Stenlund in Sound Tigers zone.
1:23 of 1st period - Icing by Guillaume Brisebois.
1:24 of 1st period - Eric Staal wins face-off versus CJ Suess in Admirals zone.
3:05 of 1st period - Shot by David Kampf.
3:05 of 1st period - Shot Misses the Net.
3:07 of 1st period - Shot by Garrett Wilson.
3:07 of 1st period - Shot Misses the Net.
3:09 of 1st period - Shot by Nick Ebert.
3:09 of 1st period - Stopped by Brandon Bussi without a rebound.
3:10 of 1st period - Garrett Pilon wins face-off versus Ryan MacInnis in Sound Tigers zone.
3:17 of 1st period - Shot by Joseph Cramarossa.
3:17 of 1st period - Stopped by Brandon Bussi without a rebound.
3:18 of 1st period - Oskar Steen wins face-off versus Ryan MacInnis in Sound Tigers zone.
3:25 of 1st period - Shot by Garrett Wilson.
3:25 of 1st period - Stopped by Brandon Bussi without a rebound.
3:26 of 1st period - Ryan MacInnis wins face-off versus Garrett Pilon in Sound Tigers zone.
3:30 of 1st period - Icing by Alexander Khokhlachev.
3:31 of 1st period - Ryan MacInnis wins face-off versus Oskar Steen in Sound Tigers zone.
3:43 of 1st period - Icing by Niko Mikkola.
3:44 of 1st period - Oskar Steen wins face-off versus Eric Staal in Admirals zone.
5:13 of 1st period - Shot by Martin Pospisil.
5:13 of 1st period - Stopped by Michael Houser without a rebound.
5:14 of 1st period - CJ Suess wins face-off versus Ryan MacInnis in Admirals zone.
5:21 of 1st period - Shot by CJ Suess.
5:21 of 1st period - Stopped by Brandon Bussi with a rebound.
5:27 of 1st period - Shot by Valentin Zykov.
5:27 of 1st period - Shot Blocked by Guillaume Brisebois.
5:29 of 1st period - Shot by Ryan MacInnis.
5:29 of 1st period - Stopped by Michael Houser without a rebound.
5:30 of 1st period - John Quenneville wins face-off versus Rourke Chartier in Admirals zone.
5:30 of 1st period - John Quenneville is hit by Jack Kopacka.
5:54 of 1st period - Shot by Vincent Praplan.
5:54 of 1st period - Shot Blocked by Christian Wolanin.
6:34 of 1st period - Shot by Kevin Stenlund.
6:34 of 1st period - Shot Hit the Post.
6:36 of 1st period - Shot by CJ Suess.
6:36 of 1st period - Shot Misses the Net.
6:48 of 1st period - Shot by CJ Suess.
6:48 of 1st period - Goal by CJ Suess - Admirals : 1 - Sound Tigers : 0.
6:49 of 1st period - Oskar Steen wins face-off versus Ryan MacInnis in neutral zone.
7:06 of 1st period - Icing by Oskar Steen.
7:07 of 1st period - Eric Staal wins face-off versus Oskar Steen in Admirals zone.
7:24 of 1st period - Shot by David Kampf.
7:24 of 1st period - Shot Misses the Net.
7:55 of 1st period - Shot by Kevin Stenlund.
7:55 of 1st period - Shot Blocked by Markus Phillips.
7:57 of 1st period - Shot by Mike Reilly.
7:57 of 1st period - Goal by Mike Reilly - Admirals : 2 - Sound Tigers : 0.
7:58 of 1st period - Garrett Pilon wins face-off versus Martin Pospisil in neutral zone.
8:05 of 1st period - Shot by Joseph Cramarossa.
8:05 of 1st period - Shot Misses the Net.
8:13 of 1st period - Nikita Soshnikov is hit by Joseph Cramarossa.
8:16 of 1st period - Minor Penalty to Joseph Cramarossa for Hooking.
8:17 of 1st period - Rourke Chartier wins face-off versus Oskar Steen in Admirals zone.
8:17 of 1st period - Rourke Chartier is hit by Niko Mikkola.
8:21 of 1st period - Shot by Tyler Pitlick.
8:21 of 1st period - Stopped by Michael Houser without a rebound.
8:22 of 1st period - Rourke Chartier wins face-off versus Oskar Steen in Admirals zone.
8:22 of 1st period - Christian Wolanin is hit by Niko Mikkola and loses puck.
9:43 of 1st period - Shot by Trevor Van Riemsdyk.
9:43 of 1st period - Stopped by Michael Houser with a rebound.
10:06 of 1st period - Shot by Rourke Chartier.
10:06 of 1st period - Stopped by Michael Houser without a rebound.
10:07 of 1st period - Kevin Stenlund wins face-off versus Eric Staal in Admirals zone.
10:52 of 1st period - Shot by Ryan MacInnis.
10:52 of 1st period - Stopped by Michael Houser without a rebound.
10:53 of 1st period - Kevin Stenlund wins face-off versus Rourke Chartier in Admirals zone.
10:53 of 1st period - Kevin Stenlund is hit by Jack Kopacka.
10:59 of 1st period - Shot by CJ Suess.
10:59 of 1st period - Deflect By Kevin Stenlund.
10:59 of 1st period - Shot Blocked by Christian Wolanin.
11:19 of 1st period - Shot by Rourke Chartier.
11:19 of 1st period - Shot Misses the Net.
11:21 of 1st period - Shot by Jimmy Vesey.
11:21 of 1st period - Shot Misses the Net.
11:23 of 1st period - Shot by Jimmy Vesey.
11:23 of 1st period - Shot Blocked by Niko Mikkola.
11:29 of 1st period - Shot by Jimmy Vesey.
11:29 of 1st period - Stopped by Michael Houser without a rebound.
11:30 of 1st period - Oskar Steen wins face-off versus Eric Staal in Admirals zone.
11:35 of 1st period - Eric Staal is hit by David Kampf and loses puck.
11:55 of 1st period - Garrett Wilson is hit by Markus Phillips.
12:28 of 1st period - Cam Dineen is hit by Martin Pospisil and loses puck.
12:37 of 1st period - Icing by Guillaume Brisebois.
12:38 of 1st period - Ryan MacInnis wins face-off versus Oskar Steen in Admirals zone.
13:05 of 1st period - Shot by Ryan MacInnis.
13:05 of 1st period - Stopped by Michael Houser without a rebound.
13:06 of 1st period - Garrett Pilon wins face-off versus Martin Pospisil in Admirals zone.
13:06 of 1st period - Joseph Cramarossa is hit by Tyler Pitlick and loses puck.
14:56 of 1st period - Minor Penalty to Joel Armia for Holding.
14:57 of 1st period - Tyler Pitlick wins face-off versus Oskar Steen in Sound Tigers zone.
15:16 of 1st period - Shot by Cam Dineen.
15:16 of 1st period - Stopped by Brandon Bussi without a rebound.
15:17 of 1st period - Oskar Steen wins face-off versus Rourke Chartier in Sound Tigers zone.
15:29 of 1st period - Off-side.
15:30 of 1st period - Tyler Pitlick wins face-off versus CJ Suess in neutral zone.
15:55 of 1st period - Shot by Cam Dineen.
15:55 of 1st period - Shot Hit the Post.
16:46 of 1st period - Shot by Mike Reilly.
16:46 of 1st period - Deflect By Oskar Steen.
16:46 of 1st period - Shot Misses the Net.
16:48 of 1st period - Shot by Garrett Wilson.
16:48 of 1st period - Stopped by Brandon Bussi without a rebound.
16:49 of 1st period - Rourke Chartier wins face-off versus Oskar Steen in Sound Tigers zone.
17:17 of 1st period - Shot by Ryan MacInnis.
17:17 of 1st period - Stopped by Michael Houser without a rebound.
17:18 of 1st period - John Quenneville wins face-off versus Rourke Chartier in Admirals zone.
17:18 of 1st period - Mike Reilly is hit by Jack Kopacka and loses puck.
17:40 of 1st period - Icing by Niko Mikkola.
17:41 of 1st period - Martin Pospisil wins face-off versus John Quenneville in Admirals zone.
18:12 of 1st period - Shot by Nikita Soshnikov.
18:12 of 1st period - Deflect By Martin Pospisil.
18:12 of 1st period - Shot Blocked by Mike Reilly.
18:14 of 1st period - Shot by Zac Leslie.
18:14 of 1st period - Goal by Zac Leslie - Admirals : 2 - Sound Tigers : 1.
18:15 of 1st period - Eric Staal wins face-off versus Oskar Steen in neutral zone.
18:17 of 1st period - Christian Wolanin is hit by Guillaume Brisebois and loses puck.
18:33 of 1st period - Shot by Oskar Steen.
18:33 of 1st period - Stopped by Brandon Bussi with a rebound.
18:45 of 1st period - Shot by David Kampf.
18:45 of 1st period - Shot Misses the Net.
18:53 of 1st period - Shot by David Kampf.
18:53 of 1st period - Stopped by Brandon Bussi without a rebound.
18:54 of 1st period - Kevin Stenlund wins face-off versus Nikita Soshnikov in Sound Tigers zone.
19:44 of 1st period - Off-side.
19:45 of 1st period - Eric Staal wins face-off versus Oskar Steen in neutral zone.
19:58 of 1st period - Shot by Joel Armia.
19:58 of 1st period - Stopped by Michael Houser with a rebound.
Goals for this period are 2 for Admirals vs 1 for Sound Tigers.
Shots for this period are 14 for Admirals vs 13 for Sound Tigers.

2nd period


0:01 of 2nd period - Eric Staal wins face-off versus Oskar Steen in neutral zone.
0:13 of 2nd period - Shot by Joel Armia.
0:13 of 2nd period - Shot Misses the Net.
0:15 of 2nd period - Shot by Eric Staal.
0:15 of 2nd period - Deflect By Joel Armia.
0:15 of 2nd period - Shot Misses the Net.
0:17 of 2nd period - Shot by Joel Armia.
0:17 of 2nd period - Shot Blocked by Mike Reilly.
0:19 of 2nd period - Shot by Joel Armia.
0:19 of 2nd period - Stopped by Michael Houser without a rebound.
0:20 of 2nd period - Ryan MacInnis wins face-off versus Kevin Stenlund in Admirals zone.
0:59 of 2nd period - Shot by Valentin Zykov.
0:59 of 2nd period - Stopped by Michael Houser with a rebound.
1:31 of 2nd period - Off-side.
1:32 of 2nd period - Garrett Pilon wins face-off versus Tyler Pitlick in neutral zone.
1:35 of 2nd period - Martin Pospisil is hit by Joseph Cramarossa and loses puck.
1:43 of 2nd period - Off-side.
1:44 of 2nd period - Joel Armia wins face-off versus Oskar Steen in neutral zone.
1:44 of 2nd period - Joel Armia is hit by Garrett Wilson.
2:04 of 2nd period - Shot by Joel Armia.
2:04 of 2nd period - Goal by Joel Armia - Admirals : 2 - Sound Tigers : 2.
2:05 of 2nd period - Garrett Pilon wins face-off versus Martin Pospisil in neutral zone.
2:07 of 2nd period - Joseph Cramarossa is hit by Jimmy Schuldt and loses puck.
2:12 of 2nd period - Shot by William Bitten.
2:12 of 2nd period - Shot Misses the Net.
2:14 of 2nd period - Shot by Joseph Cramarossa.
2:14 of 2nd period - Stopped by Brandon Bussi without a rebound.
2:15 of 2nd period - Eric Staal wins face-off versus Garrett Wilson in Sound Tigers zone.
2:25 of 2nd period - Icing by Niko Mikkola.
2:26 of 2nd period - Oskar Steen wins face-off versus Martin Pospisil in Admirals zone.
2:43 of 2nd period - David Kampf is hit by Markus Phillips and loses puck.
2:53 of 2nd period - Off-side.
2:54 of 2nd period - Eric Staal wins face-off versus Kevin Stenlund in neutral zone.
3:28 of 2nd period - Shot by Ashton Sautner.
3:28 of 2nd period - Shot Misses the Net.
3:30 of 2nd period - Shot by Ashton Sautner.
3:30 of 2nd period - Shot Blocked by Guillaume Brisebois.
3:32 of 2nd period - Shot by Jesper Fasth.
3:32 of 2nd period - Shot Blocked by Cam Dineen.
4:08 of 2nd period - Shot by David Kampf.
4:08 of 2nd period - Deflect By Oskar Steen.
4:08 of 2nd period - Stopped by Brandon Bussi with a rebound.
4:08 of 2nd period - Brandon Bussi from Sound Tigers is injured at 4:08 of 2nd period (Left Foot).
4:08 of 2nd period - Alex Lyon enters game.
4:09 of 2nd period - Garrett Pilon wins face-off versus Ryan MacInnis in Sound Tigers zone.
4:59 of 2nd period - Icing by Kristians Rubins.
5:00 of 2nd period - Martin Pospisil wins face-off versus Garrett Pilon in Admirals zone.
5:15 of 2nd period - Shot by Martin Pospisil.
5:15 of 2nd period - Stopped by Michael Houser with a rebound.
5:17 of 2nd period - Shot by Markus Phillips.
5:17 of 2nd period - Shot Blocked by Kristians Rubins.
5:19 of 2nd period - Shot by Trevor Van Riemsdyk.
5:19 of 2nd period - Goal by Trevor Van Riemsdyk - Admirals : 2 - Sound Tigers : 3.
5:20 of 2nd period - Eric Staal wins face-off versus Oskar Steen in neutral zone.
5:41 of 2nd period - Shot by Garrett Wilson.
5:41 of 2nd period - Stopped by Alex Lyon without a rebound.
5:42 of 2nd period - Kevin Stenlund wins face-off versus Martin Pospisil in Sound Tigers zone.
6:25 of 2nd period - Off-side.
6:26 of 2nd period - Eric Staal wins face-off versus David Kampf in neutral zone.
6:38 of 2nd period - Shot by Garrett Wilson.
6:38 of 2nd period - Shot Misses the Net.
6:50 of 2nd period - Shot by Oskar Steen.
6:50 of 2nd period - Deflect By David Kampf.
6:50 of 2nd period - Goal by David Kampf - Admirals : 3 - Sound Tigers : 3.
6:51 of 2nd period - Ryan MacInnis wins face-off versus Garrett Pilon in neutral zone.
6:53 of 2nd period - Jimmy Schuldt is hit by Kristians Rubins and loses puck.
7:53 of 2nd period - David Kampf is hit by Christian Wolanin.
7:55 of 2nd period - Shot by Garrett Wilson.
7:55 of 2nd period - Deflect By David Kampf.
7:55 of 2nd period - Shot Misses the Net.
8:15 of 2nd period - Shot by Mike Reilly.
8:15 of 2nd period - Shot Misses the Net.
8:17 of 2nd period - Shot by David Kampf.
8:17 of 2nd period - Shot Misses the Net.
8:19 of 2nd period - Shot by Oskar Steen.
8:19 of 2nd period - Stopped by Alex Lyon with a rebound.
8:47 of 2nd period - Shot by CJ Suess.
8:47 of 2nd period - Shot Blocked by Ashton Sautner.
8:49 of 2nd period - Shot by CJ Suess.
8:49 of 2nd period - Shot Misses the Net.
9:33 of 2nd period - Shot by Nikita Soshnikov.
9:33 of 2nd period - Deflect By Martin Pospisil.
9:33 of 2nd period - Shot Misses the Net.
9:45 of 2nd period - Shot by Mitchell Moroz.
9:45 of 2nd period - Stopped by Alex Lyon without a rebound.
9:46 of 2nd period - Garrett Pilon wins face-off versus Rourke Chartier in Sound Tigers zone.
10:32 of 2nd period - Zac Leslie is hit by Joseph Cramarossa and loses puck.
10:58 of 2nd period - Minor Penalty to Guillaume Brisebois for Slashing.
10:59 of 2nd period - Oskar Steen wins face-off versus Tyler Pitlick in Admirals zone.
10:59 of 2nd period - Oskar Steen is hit by Tyler Pitlick.
12:34 of 2nd period - Shot by David Kampf.
12:34 of 2nd period - Shot Misses the Net.
13:47 of 2nd period - Ryan MacInnis is hit by Vincent Praplan and loses puck.
13:51 of 2nd period - Icing by Ryan MacInnis.
13:52 of 2nd period - Garrett Pilon wins face-off versus Ryan MacInnis in Sound Tigers zone.
13:59 of 2nd period - Shot by Joseph Cramarossa.
13:59 of 2nd period - Deflect By William Bitten.
13:59 of 2nd period - Shot Misses the Net.
14:11 of 2nd period - Shot by Ashton Sautner.
14:11 of 2nd period - Stopped by Michael Houser without a rebound.
14:12 of 2nd period - Eric Staal wins face-off versus Kevin Stenlund in Admirals zone.
14:39 of 2nd period - Shot by Eric Staal.
14:39 of 2nd period - Shot Misses the Net.
14:52 of 2nd period - Shot by Jesper Fasth.
14:52 of 2nd period - Shot Misses the Net.
15:04 of 2nd period - Martin Pospisil is hit by Kevin Stenlund and loses puck.
15:17 of 2nd period - Shot by Tyler Pitlick.
15:17 of 2nd period - Stopped by Michael Houser without a rebound.
15:18 of 2nd period - Oskar Steen wins face-off versus Ryan MacInnis in Admirals zone.
15:24 of 2nd period - Icing by Christian Wolanin.
15:25 of 2nd period - Oskar Steen wins face-off versus Ryan MacInnis in Sound Tigers zone.
15:32 of 2nd period - Mike Reilly is hit by Ryan MacInnis and loses puck.
16:00 of 2nd period - Valentin Zykov is hit by Niko Mikkola and loses puck.
16:07 of 2nd period - Shot by Mike Reilly.
16:07 of 2nd period - Shot Blocked by Ashton Sautner.
17:18 of 2nd period - John Quenneville is hit by Markus Phillips and loses puck.
17:27 of 2nd period - Shot by John Quenneville.
17:27 of 2nd period - Stopped by Alex Lyon with a rebound.
18:01 of 2nd period - Shot by Nikita Soshnikov.
18:01 of 2nd period - Shot Misses the Net.
18:03 of 2nd period - Shot by Tyler Pitlick.
18:03 of 2nd period - Shot Blocked by Guillaume Brisebois.
18:05 of 2nd period - Shot by Tyler Pitlick.
18:05 of 2nd period - Stopped by Michael Houser without a rebound.
18:06 of 2nd period - Rourke Chartier wins face-off versus Oskar Steen in Admirals zone.
18:06 of 2nd period - Jimmy Vesey is hit by Kristians Rubins and loses puck.
19:24 of 2nd period - Shot by Ashton Sautner.
19:24 of 2nd period - Shot Misses the Net.
19:26 of 2nd period - Shot by Martin Pospisil.
19:26 of 2nd period - Stopped by Michael Houser without a rebound.
19:27 of 2nd period - Eric Staal wins face-off versus Paul Thompson in Admirals zone.
19:28 of 2nd period - Shot by Joel Armia.
19:28 of 2nd period - Stopped by Michael Houser without a rebound.
19:29 of 2nd period - Kevin Stenlund wins face-off versus Eric Staal in Admirals zone.
19:29 of 2nd period - Kevin Stenlund is hit by Joel Armia.
19:34 of 2nd period - Guillaume Brisebois is hit by Trevor Van Riemsdyk.
19:57 of 2nd period - Icing by Markus Phillips.
19:58 of 2nd period - Eric Staal wins face-off versus Garrett Pilon in Sound Tigers zone.
19:58 of 2nd period - Eric Staal is hit by Joseph Cramarossa.
Goals for this period are 1 for Admirals vs 2 for Sound Tigers.
Shots for this period are 7 for Admirals vs 10 for Sound Tigers.

3rd period


0:01 of 3rd period - Eric Staal wins face-off versus Oskar Steen in neutral zone.
0:37 of 3rd period - Joel Armia is hit by Niko Mikkola and loses puck.
0:41 of 3rd period - Eric Staal is hit by Niko Mikkola and loses puck.
0:55 of 3rd period - Mike Reilly is hit by Markus Phillips and loses puck.
1:04 of 3rd period - Minor Penalty to Tyler Pitlick for Holding.
1:05 of 3rd period - Kevin Stenlund wins face-off versus Joel Armia in Sound Tigers zone.
1:20 of 3rd period - Joel Armia is hit by Paul Thompson and loses puck.
1:45 of 3rd period - Shot by Cam Dineen.
1:45 of 3rd period - Stopped by Alex Lyon without a rebound.
1:46 of 3rd period - Oskar Steen wins face-off versus Eric Staal in Sound Tigers zone.
1:55 of 3rd period - Shot by Oskar Steen.
1:55 of 3rd period - Stopped by Alex Lyon with a rebound.
2:48 of 3rd period - Shot by CJ Suess.
2:48 of 3rd period - Stopped by Alex Lyon without a rebound.
2:49 of 3rd period - Kevin Stenlund wins face-off versus Rourke Chartier in Sound Tigers zone.
3:43 of 3rd period - Shot by Jimmy Schuldt.
3:43 of 3rd period - Stopped by Michael Houser without a rebound.
3:44 of 3rd period - Martin Pospisil wins face-off versus John Quenneville in Admirals zone.
4:03 of 3rd period - Shot by Nikita Soshnikov.
4:03 of 3rd period - Stopped by Michael Houser without a rebound.
4:04 of 3rd period - Oskar Steen wins face-off versus Jimmy Vesey in Admirals zone.
4:10 of 3rd period - Jimmy Vesey is hit by Garrett Wilson and loses puck.
4:26 of 3rd period - Minor Penalty to Oskar Steen for Elbowing.
4:27 of 3rd period - Eric Staal wins face-off versus John Quenneville in Admirals zone.
4:34 of 3rd period - Shot by Joel Armia.
4:34 of 3rd period - Stopped by Michael Houser without a rebound.
4:35 of 3rd period - John Quenneville wins face-off versus Eric Staal in Admirals zone.
5:02 of 3rd period - Icing by Ashton Sautner.
5:03 of 3rd period - Eric Staal wins face-off versus John Quenneville in Sound Tigers zone.
5:58 of 3rd period - Shot by Rourke Chartier.
5:58 of 3rd period - Shot Misses the Net.
6:00 of 3rd period - Shot by Trevor Van Riemsdyk.
6:00 of 3rd period - Stopped by Michael Houser without a rebound.
6:01 of 3rd period - Rourke Chartier wins face-off versus Kevin Stenlund in Admirals zone.
6:12 of 3rd period - Shot by Nikita Soshnikov.
6:12 of 3rd period - Shot Blocked by CJ Suess.
7:06 of 3rd period - Off-side.
7:07 of 3rd period - Eric Staal wins face-off versus John Quenneville in neutral zone.
7:21 of 3rd period - Shot by Vincent Praplan.
7:21 of 3rd period - Shot Misses the Net.
7:39 of 3rd period - Shot by John Quenneville.
7:39 of 3rd period - Goal by John Quenneville - Admirals : 4 - Sound Tigers : 3.
7:40 of 3rd period - Nikita Soshnikov wins face-off versus Oskar Steen in neutral zone.
8:00 of 3rd period - Shot by Markus Phillips.
8:00 of 3rd period - Shot Blocked by Garrett Wilson.
8:31 of 3rd period - Cam Dineen is hit by Alexander Khokhlachev and loses puck.
8:54 of 3rd period - Shot by Ryan MacInnis.
8:54 of 3rd period - Stopped by Michael Houser without a rebound.
8:55 of 3rd period - Kevin Stenlund wins face-off versus Eric Staal in Admirals zone.
9:32 of 3rd period - Shot by Paul Thompson.
9:32 of 3rd period - Goal by Paul Thompson - Admirals : 5 - Sound Tigers : 3.
9:33 of 3rd period - Martin Pospisil wins face-off versus Garrett Pilon in neutral zone.
9:33 of 3rd period - Tyler Pitlick is hit by Joseph Cramarossa and loses puck.
9:50 of 3rd period - Shot by Garrett Pilon.
9:50 of 3rd period - Stopped by Alex Lyon without a rebound.
9:51 of 3rd period - Ryan MacInnis wins face-off versus John Quenneville in Sound Tigers zone.
9:53 of 3rd period - Minor Penalty to Alexander Khokhlachev for Interference.
9:54 of 3rd period - Joel Armia wins face-off versus Kevin Stenlund in Sound Tigers zone.
9:54 of 3rd period - Joel Armia is hit by Kevin Stenlund.
10:06 of 3rd period - Shot by CJ Suess.
10:06 of 3rd period - Stopped by Alex Lyon with a rebound.
10:08 of 3rd period - Shot by Mike Reilly.
10:08 of 3rd period - Goal by Mike Reilly - Admirals : 6 - Sound Tigers : 3.
10:09 of 3rd period - Martin Pospisil wins face-off versus Oskar Steen in neutral zone.
10:54 of 3rd period - Icing by Garrett Wilson.
10:55 of 3rd period - Eric Staal wins face-off versus Oskar Steen in Admirals zone.
11:26 of 3rd period - Shot by Eric Staal.
11:26 of 3rd period - Shot Blocked by Niko Mikkola.
12:08 of 3rd period - Shot by Ryan MacInnis.
12:08 of 3rd period - Shot Misses the Net.
12:10 of 3rd period - Shot by Ryan MacInnis.
12:10 of 3rd period - Deflect By Valentin Zykov.
12:10 of 3rd period - Shot Blocked by Niko Mikkola.
12:42 of 3rd period - Niko Mikkola is hit by Tyler Pitlick.
13:04 of 3rd period - Nikita Soshnikov is hit by Joseph Cramarossa.
13:10 of 3rd period - Shot by Garrett Pilon.
13:10 of 3rd period - Shot Misses the Net.
13:12 of 3rd period - Shot by Guillaume Brisebois.
13:12 of 3rd period - Shot Blocked by Christian Wolanin.
13:43 of 3rd period - Christian Wolanin is hit by Kristians Rubins and loses puck.
14:07 of 3rd period - Shot by Oskar Steen.
14:07 of 3rd period - Deflect By David Kampf.
14:07 of 3rd period - Stopped by Alex Lyon without a rebound.
14:08 of 3rd period - John Quenneville wins face-off versus Eric Staal in Sound Tigers zone.
14:08 of 3rd period - John Quenneville is hit by Markus Phillips.
14:12 of 3rd period - Shot by John Quenneville.
14:12 of 3rd period - Deflect By Vincent Praplan.
14:12 of 3rd period - Stopped by Alex Lyon without a rebound.
14:13 of 3rd period - Eric Staal wins face-off versus John Quenneville in Sound Tigers zone.
14:20 of 3rd period - John Quenneville is hit by Jesper Fasth and loses puck.
14:28 of 3rd period - Jesper Fasth is hit by Kristians Rubins and loses puck.
15:43 of 3rd period - Valentin Zykov is hit by Guillaume Brisebois and loses puck.
15:51 of 3rd period - Icing by Cam Dineen.
15:52 of 3rd period - David Kampf wins face-off versus Rourke Chartier in Admirals zone.
16:06 of 3rd period - Shot by Paul Thompson.
16:06 of 3rd period - Shot Misses the Net.
16:38 of 3rd period - Shot by Kevin Stenlund.
16:38 of 3rd period - Stopped by Alex Lyon without a rebound.
16:39 of 3rd period - Garrett Pilon wins face-off versus Eric Staal in Sound Tigers zone.
16:58 of 3rd period - Shot by Jesper Fasth.
16:58 of 3rd period - Stopped by Michael Houser without a rebound.
16:59 of 3rd period - Martin Pospisil wins face-off versus Mitchell Moroz in Admirals zone.
17:03 of 3rd period - Nikita Soshnikov is hit by Niko Mikkola and loses puck.
17:12 of 3rd period - Shot by John Quenneville.
17:12 of 3rd period - Stopped by Alex Lyon without a rebound.
17:13 of 3rd period - Kevin Stenlund wins face-off versus Eric Staal in Sound Tigers zone.
17:38 of 3rd period - Shot by Paul Thompson.
17:38 of 3rd period - Shot Misses the Net.
17:40 of 3rd period - Shot by CJ Suess.
17:40 of 3rd period - Deflect By Kevin Stenlund.
17:40 of 3rd period - Shot Blocked by Ashton Sautner.
17:42 of 3rd period - Shot by Paul Thompson.
17:42 of 3rd period - Shot Misses the Net.
17:44 of 3rd period - Shot by Paul Thompson.
17:44 of 3rd period - Shot Blocked by Christian Wolanin.
17:46 of 3rd period - Shot by Kevin Stenlund.
17:46 of 3rd period - Stopped by Alex Lyon without a rebound.
17:47 of 3rd period - Oskar Steen wins face-off versus Martin Pospisil in Sound Tigers zone.
18:12 of 3rd period - Shot by Tyler Pitlick.
18:12 of 3rd period - Stopped by Michael Houser with a rebound.
18:14 of 3rd period - Shot by Zac Leslie.
18:14 of 3rd period - Stopped by Michael Houser with a rebound.
18:16 of 3rd period - Shot by Tyler Pitlick.
18:16 of 3rd period - Shot Misses the Net.
18:18 of 3rd period - Shot by Tyler Pitlick.
18:18 of 3rd period - Shot Misses the Net.
18:20 of 3rd period - Shot by Martin Pospisil.
18:20 of 3rd period - Shot Misses the Net.
18:22 of 3rd period - Shot by Zac Leslie.
18:22 of 3rd period - Goal by Zac Leslie - Admirals : 6 - Sound Tigers : 4.
18:23 of 3rd period - Garrett Pilon wins face-off versus Joel Armia in neutral zone.
18:46 of 3rd period - Markus Phillips is hit by Joseph Cramarossa.
19:00 of 3rd period - Shot by Joel Armia.
19:00 of 3rd period - Shot Blocked by William Bitten.
19:22 of 3rd period - Icing by Ashton Sautner.
19:23 of 3rd period - Ryan MacInnis wins face-off versus Oskar Steen in Sound Tigers zone.
19:36 of 3rd period - Shot by Ryan MacInnis.
19:36 of 3rd period - Stopped by Michael Houser without a rebound.
19:37 of 3rd period - Kevin Stenlund wins face-off versus Tyler Pitlick in Admirals zone.
19:44 of 3rd period - Shot by Paul Thompson.
19:44 of 3rd period - Stopped by Alex Lyon with a rebound.
Goals for this period are 3 for Admirals vs 1 for Sound Tigers.
Shots for this period are 14 for Admirals vs 10 for Sound Tigers.